 Dungeon Crawl Stone Soup version 0.20-a0-870-g4070442 (console) character file.

177 hittembot the Shield-Bearer (level 5, 42/42 HPs)
             Began as a Formicid Fighter on Mar 13, 2017.
             Quit the game on level 4 of the Dungeon.
             The game lasted 00:02:30 (2817 turns).

hittembot the Shield-Bearer (Formicid Fighter)      Turns: 2817, Time: 00:02:31

Health: 42/42      AC:  7    Str: 21    XL:     5   Next: 87%
Magic:  5/5        EV:  9    Int:  8    God:
Gold:   150        SH:  9    Dex: 10    Spells: 4/4 levels left

rFire    . . .     SeeInvis +   a - +0 quarterstaff
rCold    . . .     Gourm    .   b - +0 scale mail
rNeg     . . .     Faith    .   c - +0 shield
rPois    .         Spirit   .   (helmet unavailable)
rElec    .         Reflect  .   (no cloak)
rCorr    .         Harm     .   (no gloves)
MR       .....                  (no boots)
Stlth    ..........             (no amulet)
Regen    0.2/turn               (no ring)
MPRegen  0.1/turn               (no ring)

@: no status effects
A: permanent stasis, dig shafts and tunnels, four strong arms, antennae 3
a: Dig, Shaft Self


You were on level 4 of the Dungeon.
You were not hungry.

You visited 1 branch of the dungeon, and saw 4 of its levels.

You collected 150 gold pieces.

Inventory:

Hand Weapons
 a - a +0 quarterstaff (weapon)
Armour
 b - a +0 scale mail (worn)
 c - a +0 shield (worn)
Scrolls
 e - 3 scrolls of remove curse {unknown}
 j - 5 scrolls of identify {unknown}
 k - 2 scrolls of teleportation {unknown}
 o - a scroll of enchant weapon {unknown}
 p - a scroll of immolation {unknown}
Potions
 d - 2 potions of might
 i - a potion of magic {unknown}
 l - a potion of brilliance {unknown}
 m - a potion of berserk rage {unknown}
 n - a potion of heal wounds {unknown}
 r - a potion of agility {unknown}
 s - a potion of lignification {unknown}
Books
 q - a book of Changes

   Spells                             Type                      Level
   a - Beastly Appendage              Transmutation                1
   b - Sticks to Snakes               Transmutation                2
   c - Spider Form                    Transmutation/Poison         3
   d - Ice Form                       Ice/Transmutation            4
   e - Blade Hands                    Transmutation                5
Comestibles
 f - a bread ration
 g - a royal jelly
 h - 3 meat rations


   Skills:
 + Level 3.7 Fighting
 + Level 3.4 Staves
 + Level 4.3 Armour
 + Level 1.5 Dodging
 + Level 4.6 Shields


You had 4 spell levels left.
You didn't know any spells.

Dungeon Overview and Level Annotations

Branches:
Dungeon (4/15)
 Temple: D:4-7

Altars:


Innate Abilities, Weirdness & Mutations

You cannot be hasted, slowed, berserked, paralysed or teleported.
You can dig through walls and to a lower floor.
Your four strong arms can wield two-handed weapons with a shield.
You have a pair of large antennae on your head. (SInv)


Message History

No reachable target in view!
No reachable target in view!
A dart slug is nearby!
A dart slug is nearby!
No reachable target in view!
No reachable target in view!
No reachable target in view!
No reachable target in view!
No reachable target in view!
No reachable target in view!
No reachable target in view!
A dart slug is nearby!
A dart slug is nearby!
No reachable target in view!
No reachable target in view!
No reachable target in view!
No reachable target in view!
No reachable target in view!
No reachable target in view!
Are you sure you want to abandon this character and quit the game? (Confirm with "yes".)

≈w≈≈ ≈≈≈ ≈≈≈
#.. #.# #.#
.######.#
.......@#
.######.# .#..
#.# ..
#.....####.#
#.##.......##.#
#.#.#..##.##.#
#.....##.##.#
#.#..##.##.#
#....#...#.#


You could see a dart slug.

Vanquished Creatures
  An orc wizard (D:3)
  Ijyb (D:2)
  2 adders
  An ooze (D:2)
  4 worms
  A dart slug (D:2)
  A leopard gecko (D:3)
  7 orcs (D:3)
  6 bats
  5 giant cockroaches
  12 goblins
  6 hobgoblins
  11 jackals
  5 frilled lizards
  2 kobolds
  A leopard gecko skeleton (D:4)
  11 rats
77 creatures vanquished.

Notes
Turn   | Place    | Note
-------+----------+-------------------------------------------
     0 | D:1      | hittembot the Formicid Fighter began the quest for the Orb.
     0 | D:1      | Reached XP level 1. HP: 18/18 MP: 1/1
    25 | D:1      | Reached XP level 2. HP: 9/24 MP: 2/2
   592 | D:1      | Reached XP level 3. HP: 29/29 MP: 3/3
  1133 | D:2      | Reached XP level 4. HP: 25/35 MP: 4/4
  1357 | D:2      | Reached skill level 1 in Dodging
  1476 | D:2      | Noticed Ijyb
  1492 | D:2      | Killed Ijyb
  1732 | D:2      | Reached XP level 5. HP: 42/42 MP: 5/5
  2152 | D:3      | Found a faded altar of an unknown god.
  2817 | D:4      | Quit the game

Vault maps used:
D:1:      dpeg_arrival_simpleton_b, minivault_14, minmay_misc_feat_rugged,
          grunt_decor_arrowhead, minmay_misc_feat_pillars
D:2:      uniq_iyjb
D:3:      chequers_ecumenical_altar_twisty
D:4:      temple_doors_e, kennysheep_slug_shrine, uniq_grinder, uniq_natasha

Skill      XL: |  1  2  3  4  5 |
---------------+----------------+-----
Shields        | 4 |  4.6
Dodging        | 1 |  1.5
Armour         | 4 |  4.3
Staves         | 3 |  3.4
Fighting       | |  3.7

Action                   |  1- 3 |  4- 6 || total
-------------------------+-------+-------++-------
Melee: Quarterstaff      |    99 |   114 ||   213
  Eat: Chunk             |     1 |     5 ||     6
Armor: Scale mail        |    59 |    38 ||    97
Dodge: Dodged            |    50 |    41 ||    91
Block: Shield            |    67 |    56 ||   123
